 Dungeon Crawl Stone Soup version 0.28-a0-239-g68911e0c57 (webtiles) character file.

Game seed: 8976544700520388350

58 bande the Skirmisher (level 4, -8/29 HPs)
             Began as a Gargoyle Fighter on Aug 24, 2021.
             Mangled by Terence (10 damage)
             ... on level 2 of the Dungeon.
             The game lasted 00:03:00 (1782 turns).

bande the Skirmisher (Gargoyle Fighter)             Turns: 1782, Time: 00:03:01

Health: -8/29      AC: 10    Str: 19    XL:     4   Next: 2%
Magic:  4/4        EV:  7    Int:  9    God:
Gold:   94         SH: 13    Dex: 10    Spells: 3/3 levels left

rFire   . . .      SeeInvis +   a - +0 war axe
rCold   . . .      Faith    .   c - +0 kite shield
rNeg    + . .      Spirit   .   b - +0 scale mail
rPois   ∞          Reflect  +   (no helmet)
rElec   +          Harm     .   (no cloak)
rCorr   .          Rampage  .   (no gloves)
Will    +....                   (no boots)
Stlth   ..........              l - amulet of reflection
HPRegen 0.09/turn               e - ring of see invisible
MPRegen 0.09/turn               k - ring of willpower

@: mighty
A: sickness immunity, AC +3, negative energy resistance 1, electricity
resistance, torment resistance 1, petrification resistance
a: no special abilities


You were on level 2 of the Dungeon.
You visited 1 branch of the dungeon, and saw 2 of its levels.

You collected 94 gold pieces.

Inventory:

Hand Weapons
 a - a +0 war axe (weapon)
 j - a +0 flail
Armour
 b - a +0 scale mail (worn)
 c - a +0 kite shield (worn)
Jewellery
 e - a ring of see invisible (left hand)
 k - a ring of willpower (right hand)
 l - an amulet of reflection (around neck)
Scrolls
 f - a scroll of identify {unknown}
 g - a scroll of blinking {unknown}
 h - a scroll of enchant armour {unknown}
 i - a scroll of fog {unknown}


   Skills:
 + Level 4.1 Fighting
 + Level 2.4 Axes
 + Level 3.6 Armour
 + Level 0.1 Dodging
 + Level 3.7 Shields


You had 3 spell levels left.
You didn't know any spells.
Your spell library was empty.

Dungeon Overview and Level Annotations

Branches:
Dungeon (2/15)

Altars:

Annotations:
D:2 Terence


Innate Abilities, Weirdness & Mutations

You are immune to sickness and miasma.
Your stone body is resilient. (AC +3)
You are immune to poison.
You resist negative energy. (rN+)
You are resistant to electric shocks. (rElec)
You are resistant to unholy torment.
You are immune to petrification.


Message History

An adder comes into view.
Found a dented diamond amulet.
An adder is nearby!
The adder bites you.
You slash the adder!
The adder is severely wounded.
The adder bites you but does no damage. The adder barely misses you.
You miss the adder.
The adder is severely wounded.
You block the adder's attack. The adder bites you but does no damage.
You slash the adder!
You kill the adder!
You have reached level 4!
You feel clever.
l - an amulet of reflection You start putting on your amulet.
You continue putting on your amulet of reflection. x5
You finish putting on your amulet of reflection.
You feel a shielding aura gather around you.
l - an amulet of reflection (around neck) Terence the Incautious comes into view.
He is wielding a +4 flail of pain and wearing a +3 chain mail of cold resistance.
Terence shouts!
You hit Terence but do no damage. You block Terence's attack.
Terence hits you with a +4 flail of pain!
Your scale mail prevents you from hitting Terence.
You block Terence's attack.
Terence hits you with a +4 flail of pain.
You barely miss Terence. You block Terence's attack.
You hit Terence but do no damage.
Terence hits you with a +4 flail of pain!
Terence barely misses you.
You closely miss Terence. You block Terence's attack.
You slash Terence!
Terence is severely wounded.
Terence hits you with a +4 flail of pain!
* * * LOW HITPOINT WARNING * * *
Terence closely misses you.
You feel very mighty all of a sudden.
Terence hits you with a +4 flail of pain!
You die...

### ..# # #.#
##.#.######## #.#
#....@@.....# #.#
#
....#.######.###.#
# # # #...##.####
. #.#.......# #
...# #...##.##.# #
.... #######.##.#
# #..#
#........#.# #
#..# #.#####..#.#
#####..# #..#.#


You could see Terence.

Vanquished Creatures
  2 adders (D:2)
  A dart slug (D:1)
  6 ball pythons
  4 endoplasms
  A giant cockroach (D:1)
  2 goblins (D:1)
  4 jackals (D:2)
  4 quokkas
  2 bats
  A frilled lizard (D:1)
  2 kobolds
  6 rats
35 creatures vanquished.

Vanquished Creatures (others)
  A fungus (D:1)
  A plant (D:1)
2 creatures vanquished.

Grand Total: 37 creatures vanquished

Notes
Turn   | Place    | Note
-------+----------+-------------------------------------------
     0 | D:1      | bande the Gargoyle Fighter began the quest for the Orb.
     0 | D:1      | Reached XP level 1. HP: 14/14 MP: 1/1
   245 | D:1      | Reached XP level 2. HP: 18/19 MP: 2/2
   434 | D:1      | Found a faded altar of an unknown god.
  1023 | D:1      | Reached skill level 4 in Fighting
  1023 | D:1      | Reached XP level 3. HP: 22/24 MP: 3/3
  1734 | D:2      | Reached XP level 4. HP: 27/29 MP: 4/4
  1772 | D:2      | Noticed Terence
  1781 | D:2      | HP: 1/29 [Terence (11)]
  1782 | D:2      | Mangled by Terence

Illustrated notes

Levels and vault maps discovered:
D:1:      dpeg_arrival_castle, layout_basic, shapermc_ecumenical_altar_petra,
          minmay_misc_feat_rows, minmay_shallow_snake_nest
D:2:      layout_loops_ring, minmay_pentomino_w2, uniq_terence

Skill      XL: |  1  2 |
---------------+-------+-----
Axes           | 2 |  2.4
Fighting       | 4 |  4.1
Armour         | |  3.6
Dodging        | |  0.1
Shields        | |  3.7

Action                   |  1- 3 |  4- 6 || total
-------------------------+-------+-------++-------
Melee: War axe           |    92 |     6 ||    98
  Use: Potion            |       |     1 ||     1
Armor: Scale mail        |    45 |       ||    45
Dodge: Dodged            |    25 |     2 ||    27
Block: Kite shield       |    47 |     4 ||    51

Table legend: (Time is in decaauts)
 A = Elapsed time spent in this place.
 B = Non-inter-level travel time spent in this place.
 C = Inter-level travel time spent in this place.
 D = Time resting spent in this place.
 E = Time spent auto-exploring this place.
 F = Levels seen in this place.
 G = Mean time per level.
                   A        B        C        D        E       F      G
               +--------+--------+--------+--------+--------+-----+--------+
         Total |   1845 |   1825 |     20 |    207 |   1326 |   2 |  922.5 |
       Dungeon |   1845 |   1825 |     20 |    207 |   1326 |   2 |  922.5 |
               +--------+--------+--------+--------+--------+-----+--------+

Top non-repeatable levels by time:
     D:1: 1263 daAuts
     D:2: 582 daAuts
